PMSL
MSL VANCOUVER GREY WOLVES @ MSL FT. WORTH CATTLEMEN
05/17/2054
 
TOP OF THE 1ST
MSL Vancouver Grey Wolves batting - Pitching for MSL Ft. Worth Cattlemen : RHP Francis Owens
Pitching: RHP Francis Owens
Batting: LHB Kel Edwards 0-0: Ball
1-0: Called Strike
1-1: SINGLE (Groundball, 6S, EV 75.6 MPH) (infield hit)
Batting: SHB Lao-che Zhu 0-0: Called Strike
0-1: Called Strike
0-2: Fly out, F9 (Line Drive, 9, EV 91.2 MPH)
Batting: LHB Miguel Alonso 0-0: Called Strike
0-1: Ball
1-1: Ball
2-1: Foul Ball, location: 2F
2-2: Strikes out swinging
Batting: LHB José Vázquez 0-0: Called Strike
0-1: Swinging Strike
0-2: Ball
1-2: Foul Ball, location: 2F
1-2: Fly out, F5 (Popup, 56S, EV 86.2 MPH)
Top of the 1st over - 0 runs, 1 hit, 0 errors, 1 left on base; MSL Vancouver 0 - MSL Ft. Worth 0
BOTTOM OF THE 1ST
MSL Ft. Worth Cattlemen batting - Pitching for MSL Vancouver Grey Wolves : RHP José Silva
Pitching: RHP José Silva
Batting: RHB Si-on Kim 0-0: Ball
1-0: Foul Ball, location: 2F
1-1: Ball
2-1: Ball
3-1: Foul Ball, location: 2F
3-2: Foul Ball, location: 2F
3-2: Reached on error, E5 (Groundball, 56S, EV 83.8 MPH)
Batting: LHB Francisco García 0-0: Fly out, F8 (Flyball, 8RM, EV 89.4 MPH)
Batting: RHB Armando Serna 0-0: Ball
1-0: Swinging Strike
1-1: Foul Ball, location: 2F
1-2: Strikes out looking
Batting: RHB Claude Martinez 0-0: Ground out 5-3 (Groundball, 5S, EV 85.0 MPH)
Bottom of the 1st over - 0 runs, 0 hits, 1 error, 1 left on base; MSL Vancouver 0 - MSL Ft. Worth 0
TOP OF THE 2ND
MSL Vancouver Grey Wolves batting - Pitching for MSL Ft. Worth Cattlemen : RHP Francis Owens
Batting: RHB Masami Kouno 0-0: Swinging Strike
0-1: Ball
1-1: Called Strike
1-2: Strikes out looking
Batting: RHB Guillermo Salinas 0-0: Called Strike
0-1: Ball
1-1: Ball
2-1: Ball
3-1: Foul Ball, location: 2F
3-2: Strikes out swinging
Batting: RHB Gareth Garnett 0-0: Ball
1-0: SINGLE (Groundball, 6MD, EV 101.2 MPH)
Batting: RHB Wen-huan Bi 0-0: Ball
1-0: Swinging Strike
1-1: SINGLE (Line Drive, 8RS, EV 97.5 MPH)
Gareth Garnett to second
Runner from 2nd tries for 3rd, SAFE, throw by CF made to third
Batting: RHB Steve Baverstock 0-0: Called Strike
0-1: Fly out, F7 (Line Drive, 7, EV 95.0 MPH)
Top of the 2nd over - 0 runs, 2 hits, 0 errors, 2 left on base; MSL Vancouver 0 - MSL Ft. Worth 0
BOTTOM OF THE 2ND
MSL Ft. Worth Cattlemen batting - Pitching for MSL Vancouver Grey Wolves : RHP José Silva
Batting: LHB Tenho Rautee 0-0: Foul Ball, location: 2F
0-1: Called Strike
0-2: Ball
1-2: Ball
2-2: SOLO HOME RUN (Flyball, 7LD, EV 95.6 MPH), Distance : 339 ft
Batting: RHB José Villegas 0-0: Ball
1-0: Called Strike
1-1: Called Strike
1-2: Ball
2-2: Strikes out looking
Batting: LHB Mario Ornelas 0-0: Called Strike
0-1: Swinging Strike
0-2: Strikes out swinging
Batting: SHB Carlos Méndez 0-0: Ball
1-0: Ball
2-0: Foul Ball, location: 2F
2-1: Ball
3-1: Called Strike
3-2: Base on Balls
Batting: RHB Ángelo Tapián 0-0: Called Strike
Carlos Méndez steals 2nd, throwing error, E2
Carlos Méndez to third
0-1: Foul Ball, location: 2F
0-2: Foul Ball, location: 2F
0-2: Ball
1-2: Ground out 4-3 (Groundball, 4S, EV 86.2 MPH)
Bottom of the 2nd over - 1 run, 1 hit, 1 error, 1 left on base; MSL Vancouver 0 - MSL Ft. Worth 1
TOP OF THE 3RD
MSL Vancouver Grey Wolves batting - Pitching for MSL Ft. Worth Cattlemen : RHP Francis Owens
Batting: LHB Kel Edwards 0-0: SINGLE (Groundball, 34D, EV 99.4 MPH)
Batting: SHB Lao-che Zhu 0-0: Ball
1-0: Swinging Strike
1-1: Ball
2-1: Foul Ball, location: 2F
2-2: Strikes out swinging
Batting: LHB Miguel Alonso 0-0: Ball
1-0: Fly out, F4 (Line Drive, 4, EV 61.2 MPH)
Batting: LHB José Vázquez 0-0: Called Strike
0-1: Fly out, F9 (Flyball, 9LS, EV 82.5 MPH)
Top of the 3rd over - 0 runs, 1 hit, 0 errors, 1 left on base; MSL Vancouver 0 - MSL Ft. Worth 1
BOTTOM OF THE 3RD
MSL Ft. Worth Cattlemen batting - Pitching for MSL Vancouver Grey Wolves : RHP José Silva
Batting: RHB Si-on Kim 0-0: Foul Ball, location: 2F
0-1: Ball
1-1: Swinging Strike
1-2: Ball
2-2: Strikes out swinging
Batting: LHB Francisco García 0-0: Ball
1-0: Ball
2-0: Called Strike
2-1: Ground out 5-3 (Groundball, 56, EV 91.2 MPH)
Batting: RHB Armando Serna 0-0: Ball
1-0: Ball
2-0: SINGLE (Flyball, 6D, EV 83.8 MPH)
Batting: RHB Claude Martinez 0-0: Ball
1-0: Ground out 5-3 (Groundball, 56S, EV 85.6 MPH)
Bottom of the 3rd over - 0 runs, 1 hit, 0 errors, 1 left on base; MSL Vancouver 0 - MSL Ft. Worth 1
TOP OF THE 4TH
MSL Vancouver Grey Wolves batting - Pitching for MSL Ft. Worth Cattlemen : RHP Francis Owens
Batting: RHB Masami Kouno 0-0: Called Strike
0-1: Ball
1-1: Ball
2-1: Swinging Strike
2-2: Fly out, F7 (Flyball, 7S, EV 90.0 MPH)
Batting: RHB Guillermo Salinas 0-0: Foul Ball, location: 2F
0-1: Foul Ball, location: 2F
0-2: Ball
1-2: Ball
2-2: Foul Ball, location: 2F
2-2: Fly out, F9 (Line Drive, 9D, EV 85.0 MPH)
Batting: RHB Gareth Garnett 0-0: Fly out, F9 (Flyball, 9LD, EV 105.0 MPH)
Top of the 4th over - 0 runs, 0 hits, 0 errors, 0 left on base; MSL Vancouver 0 - MSL Ft. Worth 1
BOTTOM OF THE 4TH
MSL Ft. Worth Cattlemen batting - Pitching for MSL Vancouver Grey Wolves : RHP José Silva
Batting: LHB Tenho Rautee 0-0: Called Strike
0-1: Ball
1-1: Ball
2-1: SINGLE (Line Drive, 7S, EV 95.0 MPH)
Batting: RHB José Villegas 0-0: Called Strike
0-1: Foul Ball, location: 2F
0-2: Foul Ball, location: 2F
0-2: Foul Ball, location: 2F
0-2: Ball
1-2: Strikes out swinging
Batting: LHB Mario Ornelas 0-0: Fielders Choice at 2nd, 5-4 (Groundball, 56, EV 86.2 MPH)
Batting: SHB Carlos Méndez 0-0: Ball
1-0: Ball
Mario Ornelas steals 2nd base
2-0: Fly out, F9 (Flyball, 89M, EV 89.4 MPH)
Bottom of the 4th over - 0 runs, 1 hit, 0 errors, 1 left on base; MSL Vancouver 0 - MSL Ft. Worth 1
TOP OF THE 5TH
MSL Vancouver Grey Wolves batting - Pitching for MSL Ft. Worth Cattlemen : RHP Francis Owens
Batting: RHB Wen-huan Bi 0-0: Ground out 5-3 (Groundball, 56S, EV 91.2 MPH)
Batting: RHB Steve Baverstock 0-0: Ball
1-0: Ball
2-0: SOLO HOME RUN (Line Drive, 7LD, EV 98.8 MPH), Distance : 344 ft
Batting: LHB Kel Edwards 0-0: Called Strike
0-1: Ball
1-1: Ball
2-1: SOLO HOME RUN (Flyball, 9D, EV 100.6 MPH), Distance : 356 ft
Batting: SHB Lao-che Zhu 0-0: Called Strike
0-1: Ball
1-1: Called Strike
1-2: Ball
2-2: Strikes out swinging
Batting: LHB Miguel Alonso 0-0: Ball
1-0: Foul Ball, location: 2F
1-1: Called Strike
1-2: Ground out 4-3 (Groundball, 4, EV 104.4 MPH)
Top of the 5th over - 2 runs, 2 hits, 0 errors, 0 left on base; MSL Vancouver 2 - MSL Ft. Worth 1
BOTTOM OF THE 5TH
MSL Ft. Worth Cattlemen batting - Pitching for MSL Vancouver Grey Wolves : RHP José Silva
Batting: RHB Ángelo Tapián 0-0: Ground out 6-3 (Groundball, 6, EV 84.4 MPH)
Batting: RHB Si-on Kim 0-0: Called Strike
0-1: Ball
1-1: Called Strike
1-2: Ball
2-2: Strikes out swinging
Batting: LHB Francisco García 0-0: Ball
1-0: Ball
2-0: Ball
3-0: Base on Balls
Batting: RHB Armando Serna 0-0: Ball
1-0: Ball
2-0: Foul Ball, location: 2F
2-1: Foul Ball, location: 2F
2-2: Foul Ball, location: 2F
2-2: Ball
Passed Ball!
Francisco García to second
3-2: Ground out 6-3 (Groundball, 6, EV 107.5 MPH)
Bottom of the 5th over - 0 runs, 0 hits, 0 errors, 1 left on base; MSL Vancouver 2 - MSL Ft. Worth 1
TOP OF THE 6TH
MSL Vancouver Grey Wolves batting - Pitching for MSL Ft. Worth Cattlemen : RHP Francis Owens
Batting: LHB José Vázquez 0-0: Fly out, F9 (Flyball, 89S, EV 88.1 MPH)
Batting: RHB Masami Kouno 0-0: Ball
1-0: Foul Ball, location: 2F
1-1: SINGLE (Groundball, 56D, EV 103.1 MPH)
Batting: RHB Guillermo Salinas 0-0: Foul Ball, location: 2F
0-1: Fly out, F2 (Popup, 25F, EV 86.9 MPH)
Batting: RHB Gareth Garnett 0-0: Called Strike
0-1: Ball
1-1: Swinging Strike
1-2: Strikes out swinging
Top of the 6th over - 0 runs, 1 hit, 0 errors, 1 left on base; MSL Vancouver 2 - MSL Ft. Worth 1
BOTTOM OF THE 6TH
MSL Ft. Worth Cattlemen batting - Pitching for MSL Vancouver Grey Wolves : RHP José Silva
Batting: RHB Claude Martinez 0-0: Called Strike
0-1: Ball
1-1: Foul Ball, location: 2F
1-2: Foul Ball, location: 2F
1-2: Foul Ball, location: 2F
1-2: Foul Ball, location: 2F
1-2: Ball
2-2: Ground out 6-3 (Groundball, 6, EV 78.1 MPH)
Batting: LHB Tenho Rautee 0-0: Ball
1-0: SINGLE (Groundball, 34D, EV 97.5 MPH)
Batting: RHB José Villegas 0-0: Ball
1-0: Ball
2-0: Foul Ball, location: 2F
2-1: Ball
3-1: SINGLE (Flyball, 3D, EV 94.4 MPH)
Tenho Rautee to second
Pitching: RHP Quan Situ
Pinch Hitting: RHB Luis Valenzuela 0-0: Ball
1-0: Called Strike
1-1: Foul Ball, location: 2F
1-2: Ball
2-2: Strikes out swinging
Batting: SHB Carlos Méndez 0-0: Ball
1-0: Ball
2-0: Ball
3-0: Base on Balls
Tenho Rautee to third
José Villegas to second
Batting: RHB Ángelo Tapián 0-0: SINGLE (Groundball, 6MD, EV 93.8 MPH)
Tenho Rautee scores
José Villegas to third
Carlos Méndez to second
Runner from 3rd tries for Home, SAFE, throw by CF to home
Batting: RHB Si-on Kim 0-0: Ball
1-0: Foul Ball, location: 2F
1-1: Ball
2-1: Fly out, F8 (Flyball, 8LD, EV 84.4 MPH)
Bottom of the 6th over - 2 runs, 3 hits, 0 errors, 2 left on base; MSL Vancouver 2 - MSL Ft. Worth 3
TOP OF THE 7TH
MSL Vancouver Grey Wolves batting - Pitching for MSL Ft. Worth Cattlemen : RHP Francis Owens
Now in CF: Dermot Milsom
Batting: RHB Wen-huan Bi 0-0: Ball
1-0: Ball
2-0: Ball
3-0: Base on Balls
Batting: RHB Steve Baverstock 0-0: 2-RUN HOME RUN (Flyball, 78XD, EV 105.0 MPH), Distance : 395 ft
Batting: LHB Kel Edwards 0-0: Foul Ball, location: 2F
0-1: Ball
1-1: Called Strike
1-2: Strikes out swinging
Pitching: RHP Josef van Katwijk
Batting: SHB Lao-che Zhu 0-0: Swinging Strike
0-1: Ball
1-1: Foul Ball, location: 2F
1-2: Ball
2-2: Strikes out swinging
Batting: LHB Miguel Alonso 0-0: Ball
1-0: Called Strike
1-1: Foul Ball, location: 2F
1-2: Fly out, F8 (Flyball, 89S, EV 92.5 MPH)
Top of the 7th over - 2 runs, 1 hit, 0 errors, 0 left on base; MSL Vancouver 4 - MSL Ft. Worth 3
BOTTOM OF THE 7TH
MSL Ft. Worth Cattlemen batting - Pitching for MSL Vancouver Grey Wolves : RHP Quan Situ
Batting: LHB Francisco García 0-0: Called Strike
0-1: Ball
1-1: Ball
2-1: Foul Ball, location: 2F
2-2: Strikes out swinging
Batting: RHB Armando Serna 0-0: SINGLE (Groundball, 5S, EV 68.8 MPH) (infield hit)
Batting: RHB Claude Martinez 0-0: Ball
1-0: Swinging Strike
1-1: Fly out, F4 (Popup, 4D, EV 59.4 MPH)
Batting: LHB Tenho Rautee 0-0: Ball
1-0: Ball
2-0: Called Strike
2-1: Swinging Strike
2-2: Strikes out swinging
Bottom of the 7th over - 0 runs, 1 hit, 0 errors, 1 left on base; MSL Vancouver 4 - MSL Ft. Worth 3
TOP OF THE 8TH
MSL Vancouver Grey Wolves batting - Pitching for MSL Ft. Worth Cattlemen : RHP Josef van Katwijk
Batting: LHB José Vázquez 0-0: Called Strike
0-1: Foul Ball, location: 2F
0-2: Strikes out looking
Batting: RHB Masami Kouno 0-0: DOUBLE (Flyball, 8LXD, EV 98.8 MPH)
Batting: RHB Guillermo Salinas 0-0: Intentional Walk
Batting: RHB Gareth Garnett 0-0: Ball
1-0: Foul Ball, location: 2F
1-1: Called Strike
1-2: Ball
2-2: Ball
3-2: Fly out, F8 (Flyball, 8RXD, EV 95.6 MPH)
Runner from 2nd tags up, SAFE at 3rd, no throw by CF
Batting: RHB Wen-huan Bi 0-0: Called Strike
0-1: Called Strike
0-2: Fly out, F8 (Flyball, 89XD, EV 96.2 MPH)
Top of the 8th over - 0 runs, 1 hit, 0 errors, 2 left on base; MSL Vancouver 4 - MSL Ft. Worth 3
BOTTOM OF THE 8TH
MSL Ft. Worth Cattlemen batting - Pitching for MSL Vancouver Grey Wolves : RHP Quan Situ
Batting: RHB José Villegas 0-0: Called Strike
0-1: Called Strike
0-2: Ball
1-2: Ball
2-2: Ball
3-2: Strikes out swinging, 2-3 out at first.
Batting: RHB Dermot Milsom 0-0: Called Strike
0-1: Called Strike
0-2: Ball
1-2: Foul Ball, location: 2F
1-2: Strikes out swinging
Batting: SHB Carlos Méndez 0-0: Ball
1-0: Foul Ball, location: 2F
1-1: Ball
2-1: Ball
3-1: Called Strike
3-2: Strikes out looking
Bottom of the 8th over - 0 runs, 0 hits, 0 errors, 0 left on base; MSL Vancouver 4 - MSL Ft. Worth 3
TOP OF THE 9TH
MSL Vancouver Grey Wolves batting - Pitching for MSL Ft. Worth Cattlemen : RHP Josef van Katwijk
Pitching: RHP Darrell Kooijmans
Pinch Hitting: LHB Leo Moore 0-0: Foul Ball, location: 2F
0-1: Ball
1-1: Ball
2-1: Foul Ball, location: 2F
2-2: Foul Ball, location: 2F
2-2: Ball
3-2: SINGLE (Groundball, 34D, EV 107.5 MPH)
Batting: LHB Kel Edwards 0-0: Foul Ball, location: 2F
0-1: SINGLE (Line Drive, 3D, EV 109.4 MPH)
Leo Moore to second
Batting: SHB Lao-che Zhu 0-0: Sac Bunt to 13 - play at first, batter OUT! 1-4
Leo Moore to third
Kel Edwards to second
Batting: LHB Yoson Takahashi 0-0: Intentional Walk
Batting: LHB José Vázquez 0-0: Ball
1-0: Ball
2-0: Called Strike
2-1: Ball
3-1: DOUBLE (Flyball, 7D, EV 98.1 MPH)
Leo Moore scores
Kel Edwards scores
Yoson Takahashi to third
Batting: RHB Masami Kouno 0-0: Ball
1-0: Ball
2-0: Fly out, F7 (Flyball, 7S, EV 93.8 MPH)
Batting: RHB Guillermo Salinas 0-0: Intentional Walk
Batting: RHB Gareth Garnett 0-0: Called Strike
0-1: Ball
1-1: SINGLE (Groundball, 56D, EV 104.4 MPH)
Yoson Takahashi scores
José Vázquez to third
Guillermo Salinas to second
Runner from 3rd tries for Home, throw by LF and OUT! 7-2
Top of the 9th over - 3 runs, 4 hits, 0 errors, 2 left on base; MSL Vancouver 7 - MSL Ft. Worth 3
BOTTOM OF THE 9TH
MSL Ft. Worth Cattlemen batting - Pitching for MSL Vancouver Grey Wolves : RHP Quan Situ
Now at C: Jit wei Zong
Batting: RHB Ángelo Tapián 0-0: Ball
1-0: Called Strike
1-1: Foul Ball, location: 2F
1-2: Strikes out looking
Pinch Hitting: RHB Ji-man Chong 0-0: Ball
1-0: Fly out, F4 (Popup, 4, EV 59.4 MPH)
Pinch Hitting: LHB Freddy García 0-0: SINGLE (Groundball, 56D, EV 103.8 MPH)
Batting: RHB Armando Serna 0-0: Called Strike
0-1: Ground out 4-3 (Groundball, 4S, EV 71.9 MPH)
Bottom of the 9th over - 0 runs, 1 hit, 0 errors, 1 left on base; MSL Vancouver 7 - MSL Ft. Worth 3
Monday, April 1st , 2024 - OOTP Baseball 23.10 Build 110